MLB
NEW YORK YANKEES @ DETROIT TIGERS
04/20/2020
 
TOP OF THE 1ST
New York Yankees batting - Pitching for Detroit Tigers : RHP Mike Clevinger
Pitching: RHP Mike Clevinger
Batting: LHB Tony Kemp 0-0: Fly out, F8 (Flyball, 89D, EV 109.4 MPH)
Batting: LHB Charlie Blackmon 0-0: Ball
1-0: Ball
2-0: Fly out, F9 (Flyball, 9, EV 89.4 MPH)
Batting: RHB Paul Goldschmidt 0-0: Ball
1-0: Ball
2-0: Foul Ball, location: 2F
2-1: Called Strike
2-2: Fly out, F7 (Flyball, 7LM, EV 93.1 MPH)
Top of the 1st over - 0 runs, 0 hits, 0 errors, 0 left on base; New York 0 - Detroit 0
BOTTOM OF THE 1ST
Detroit Tigers batting - Pitching for New York Yankees : LHP Ryan Yarbrough
Pitching: LHP Ryan Yarbrough
Batting: RHB Jean Segura 0-0: Ball
1-0: Foul Ball, location: 2F
1-1: Bunt for hit to 15S - play at first, batter OUT! 1-3
Batting: RHB Starling Marte 0-0: Called Strike
0-1: Ball
1-1: Foul Ball, location: 2F
1-2: Fly out, F8 (Flyball, 8LD, EV 99.4 MPH)
Batting: LHB Corey Dickerson 0-0: Ball
1-0: Foul Ball, location: 2F
1-1: DOUBLE (Flyball, 8RXD, EV 93.1 MPH)
Batting: RHB George Springer 0-0: Called Strike
0-1: Ball
1-1: Foul Ball, location: 2F
1-2: Ball
2-2: Ball
3-2: SINGLE (Groundball, 6MD, EV 105.0 MPH)
Corey Dickerson to third
Corey Dickerson scores
Batting: RHB Jose Abreu 0-0: Called Strike
0-1: Fly out, F8 (Flyball, 8LXD, EV 94.4 MPH)
Bottom of the 1st over - 1 run, 2 hits, 0 errors, 1 left on base; New York 0 - Detroit 1
TOP OF THE 2ND
New York Yankees batting - Pitching for Detroit Tigers : RHP Mike Clevinger
Batting: LHB Willie Calhoun 0-0: Called Strike
0-1: Ball
1-1: Swinging Strike
1-2: Ball
2-2: Fly out, F9 (Flyball, 9S, EV 83.1 MPH)
Batting: RHB Eloy Jimenez 0-0: Called Strike
0-1: Ball
1-1: Swinging Strike
1-2: Ball
2-2: Foul Ball, location: 2F
2-2: Strikes out swinging
Batting: RHB DJ LeMahieu 0-0: Ball
1-0: Foul Ball, location: 2F
1-1: Fly out, F4 (Flyball, 3D, EV 92.5 MPH)
Top of the 2nd over - 0 runs, 0 hits, 0 errors, 0 left on base; New York 0 - Detroit 1
BOTTOM OF THE 2ND
Detroit Tigers batting - Pitching for New York Yankees : LHP Ryan Yarbrough
Batting: RHB Khris Davis 0-0: Called Strike
0-1: Fly out, F3 (Popup, 23F, EV 79.4 MPH)
Batting: RHB J.T. Realmuto 0-0: Fly out, F8 (Flyball, 89XD, EV 91.9 MPH)
Batting: RHB J.D. Davis 0-0: Ball
1-0: Ball
2-0: Called Strike
2-1: Fly out, F8 (Line Drive, 8RM, EV 107.5 MPH)
Bottom of the 2nd over - 0 runs, 0 hits, 0 errors, 0 left on base; New York 0 - Detroit 1
TOP OF THE 3RD
New York Yankees batting - Pitching for Detroit Tigers : RHP Mike Clevinger
Batting: RHB Garrett Hampson 0-0: Ball
1-0: Foul Ball, location: 2F
1-1: Ball
2-1: Bunt for hit to 25 - play at first, batter OUT! 5-3
Batting: LHB Omar Narvaez 0-0: Ball
1-0: Ball
2-0: Called Strike
2-1: SINGLE (Groundball, 3D, EV 101.9 MPH)
Batting: LHB Brandon Crawford 0-0: SINGLE (Flyball, 5D, EV 85.6 MPH)
Omar Narvaez to second
Batting: LHB Tony Kemp 0-0: Grounds into double play, 4-6-3 (Groundball, 4MD, EV 101.9 MPH)
Top of the 3rd over - 0 runs, 2 hits, 0 errors, 1 left on base; New York 0 - Detroit 1
BOTTOM OF THE 3RD
Detroit Tigers batting - Pitching for New York Yankees : LHP Ryan Yarbrough
Batting: LHB Kolten Wong 0-0: Fly out, F7 (Line Drive, 7, EV 94.4 MPH)
Batting: RHB Jean Segura 0-0: DOUBLE (Line Drive, 89M, EV 98.8 MPH)
Batting: RHB Starling Marte 0-0: Ball
1-0: Foul Ball, location: 2F
1-1: Called Strike
1-2: Strikes out swinging
Batting: LHB Corey Dickerson 0-0: Ball
1-0: Called Strike
1-1: Fly out, F4 (Popup, 4, EV 78.1 MPH)
Bottom of the 3rd over - 0 runs, 1 hit, 0 errors, 1 left on base; New York 0 - Detroit 1
TOP OF THE 4TH
New York Yankees batting - Pitching for Detroit Tigers : RHP Mike Clevinger
Batting: LHB Charlie Blackmon 0-0: Swinging Strike
0-1: Bunt for hit to 15S - play at first, batter OUT! 1-3
Batting: RHB Paul Goldschmidt 0-0: Called Strike
0-1: Ball
1-1: Ball
2-1: Fly out, F7 (Line Drive, 78M, EV 111.9 MPH)
Batting: LHB Willie Calhoun 0-0: Ball
1-0: DOUBLE (Flyball, 89D, EV 99.4 MPH)
Batting: RHB Eloy Jimenez 0-0: Ball
1-0: Ball
2-0: Ball
3-0: Base on Balls
Batting: RHB DJ LeMahieu 0-0: Ball
1-0: Ball
2-0: SINGLE (Groundball, 6D, EV 96.9 MPH)
Willie Calhoun to third
Eloy Jimenez to second
Runner from 3rd tries for Home, SAFE, throw by CF to home
Batting: RHB Garrett Hampson 0-0: Fly out, F7 (Flyball, 78D, EV 80.6 MPH)
Top of the 4th over - 1 run, 2 hits, 0 errors, 2 left on base; New York 1 - Detroit 1
BOTTOM OF THE 4TH
Detroit Tigers batting - Pitching for New York Yankees : LHP Ryan Yarbrough
Batting: RHB George Springer 0-0: Swinging Strike
0-1: Called Strike
0-2: SINGLE (Flyball, 8RS, EV 92.5 MPH)
Batting: RHB Jose Abreu 0-0: Ball
1-0: Swinging Strike
1-1: Foul Ball, location: 2F
1-2: Foul Ball, location: 2F
1-2: Fly out, F9 (Flyball, 9, EV 85.6 MPH)
Batting: RHB Khris Davis 0-0: Foul Ball, location: 2F
0-1: 2-RUN HOME RUN (Flyball, 78XD, EV 100.0 MPH), Distance : 437 ft
Batting: RHB J.T. Realmuto 0-0: Called Strike
0-1: Foul Ball, location: 2F
0-2: Ball
1-2: Ball
2-2: Strikes out swinging
Batting: RHB J.D. Davis 0-0: Swinging Strike
0-1: Ball
1-1: Ball
2-1: Called Strike
2-2: Ball
3-2: Foul Ball, location: 2F
3-2: Base on Balls
Batting: LHB Kolten Wong 0-0: Ball
1-0: Ball
2-0: Ball
3-0: Called Strike
3-1: Foul Ball, location: 2F
3-2: TRIPLE (Line Drive, 9LD, EV 110.0 MPH)
J.D. Davis scores
Batting: RHB Jean Segura 0-0: Ball
1-0: Ground out 5-3 (Groundball, 56, EV 86.3 MPH)
Bottom of the 4th over - 3 runs, 3 hits, 0 errors, 1 left on base; New York 1 - Detroit 4
TOP OF THE 5TH
New York Yankees batting - Pitching for Detroit Tigers : RHP Mike Clevinger
Batting: LHB Omar Narvaez 0-0: Ball
1-0: Called Strike
1-1: Fly out, F8 (Flyball, 8RD, EV 88.8 MPH)
Batting: LHB Brandon Crawford 0-0: Foul Ball, location: 2F
0-1: Ball
1-1: Foul Ball, location: 2F
1-2: Ball
2-2: Strikes out swinging
Batting: LHB Tony Kemp 0-0: Ball
1-0: Foul Ball, location: 2F
1-1: Ground out 2-3 (Groundball, 15S, EV 68.1 MPH)
Top of the 5th over - 0 runs, 0 hits, 0 errors, 0 left on base; New York 1 - Detroit 4
BOTTOM OF THE 5TH
Detroit Tigers batting - Pitching for New York Yankees : LHP Ryan Yarbrough
Batting: RHB Starling Marte 0-0: Ball
1-0: Called Strike
1-1: Ground out 4-3 (Groundball, 4, EV 105.0 MPH)
Batting: LHB Corey Dickerson 0-0: Ball
1-0: Called Strike
1-1: Foul Ball, location: 2F
1-2: Strikes out swinging
Batting: RHB George Springer 0-0: Ball
1-0: Swinging Strike
1-1: Swinging Strike
1-2: Ground out 6-3 (Groundball, 6, EV 90.0 MPH)
Bottom of the 5th over - 0 runs, 0 hits, 0 errors, 0 left on base; New York 1 - Detroit 4
TOP OF THE 6TH
New York Yankees batting - Pitching for Detroit Tigers : RHP Mike Clevinger
Batting: LHB Charlie Blackmon 0-0: Ball
1-0: Called Strike
1-1: Called Strike
1-2: Ball
2-2: Fly out, F8 (Line Drive, 8LD, EV 88.8 MPH)
Batting: RHB Paul Goldschmidt 0-0: Ball
1-0: Called Strike
1-1: Ball
2-1: Ball
3-1: Called Strike
3-2: Foul Ball, location: 2F
3-2: Fly out, F9 (Line Drive, 9D, EV 98.1 MPH)
Batting: LHB Willie Calhoun 0-0: Ball
1-0: Ground out 4-3 (Groundball, 4, EV 82.5 MPH)
Top of the 6th over - 0 runs, 0 hits, 0 errors, 0 left on base; New York 1 - Detroit 4
BOTTOM OF THE 6TH
Detroit Tigers batting - Pitching for New York Yankees : LHP Ryan Yarbrough
Batting: RHB Jose Abreu 0-0: Foul Ball, location: 2F
0-1: SOLO HOME RUN (Flyball, 7LD, EV 90.6 MPH), Distance : 375 ft
Pitching: LHP Wade LeBlanc
Batting: RHB Khris Davis 0-0: Ball
1-0: Called Strike
1-1: Called Strike
1-2: Strikes out swinging
Batting: RHB J.T. Realmuto 0-0: Ground out 4-3 (Groundball, 6MD, EV 86.3 MPH)
Batting: RHB J.D. Davis 0-0: DOUBLE (Groundball, 5L, EV 103.1 MPH)
Batting: LHB Kolten Wong 0-0: Foul Ball, location: 2F
0-1: Ball
1-1: SINGLE (Groundball, 6MS, EV 73.8 MPH) (infield hit)
J.D. Davis to third
Batting: RHB Jean Segura 0-0: Foul Ball, location: 2F
0-1: Fly out, F9 (Flyball, 9D, EV 95.6 MPH)
Bottom of the 6th over - 1 run, 3 hits, 0 errors, 2 left on base; New York 1 - Detroit 5
TOP OF THE 7TH
New York Yankees batting - Pitching for Detroit Tigers : RHP Mike Clevinger
Batting: RHB Eloy Jimenez 0-0: Foul Ball, location: 2F
0-1: Fly out, F6 (Flyball, 6D, EV 87.5 MPH)
Batting: RHB DJ LeMahieu 0-0: Swinging Strike
0-1: Fly out, F4 (Flyball, 4MD, EV 91.3 MPH)
Batting: RHB Garrett Hampson 0-0: Called Strike
0-1: Foul Ball, location: 2F
0-2: Foul Ball, location: 2F
0-2: Ball
1-2: Ground out 5-3 (Groundball, 5L, EV 90.0 MPH)
Top of the 7th over - 0 runs, 0 hits, 0 errors, 0 left on base; New York 1 - Detroit 5
BOTTOM OF THE 7TH
Detroit Tigers batting - Pitching for New York Yankees : LHP Wade LeBlanc
Batting: RHB Starling Marte 0-0: Ball
1-0: Ground out 4-3 (Groundball, 4MD, EV 80.6 MPH)
Batting: LHB Corey Dickerson 0-0: Fly out, F7 (Flyball, 7S, EV 80.6 MPH)
Batting: RHB George Springer 0-0: Ball
1-0: Ball
2-0: Called Strike
2-1: Ball
3-1: Base on Balls
Batting: RHB Jose Abreu 0-0: Ball
1-0: Ball
George Springer steals 2nd base
2-0: Ball
3-0: Called Strike
3-1: Base on Balls
Batting: RHB Khris Davis 0-0: Called Strike
0-1: Swinging Strike
0-2: Strikes out swinging
Bottom of the 7th over - 0 runs, 0 hits, 0 errors, 2 left on base; New York 1 - Detroit 5
TOP OF THE 8TH
New York Yankees batting - Pitching for Detroit Tigers : RHP Mike Clevinger
Pitching: LHP Tyler Lyons
Batting: LHB Omar Narvaez 0-0: Ball
1-0: Ball
2-0: Called Strike
2-1: Foul Ball, location: 2F
2-2: Strikes out swinging
Batting: LHB Brandon Crawford 0-0: Hit by Pitch
Batting: LHB Tony Kemp 0-0: Ball
1-0: Swinging Strike
1-1: Ball
2-1: Swinging Strike
2-2: Foul Ball, location: 2F
2-2: Fielders Choice at 2nd, 4-6 (Groundball, 4, EV 108.8 MPH)
Batting: LHB Charlie Blackmon 0-0: Ball
1-0: 2-RUN HOME RUN (Line Drive, 7D, EV 95.6 MPH), Distance : 394 ft
Pitching: RHP Pedro Baez
Batting: RHB Paul Goldschmidt 0-0: Ball
1-0: Called Strike
1-1: Swinging Strike
1-2: Ball
2-2: Foul Ball, location: 2F
2-2: Ball
3-2: Strikes out looking
Top of the 8th over - 2 runs, 1 hit, 0 errors, 0 left on base; New York 3 - Detroit 5
BOTTOM OF THE 8TH
Detroit Tigers batting - Pitching for New York Yankees : LHP Wade LeBlanc
Pitching: LHP Alex Vesia
Now in CF: Odubel Herrera
Batting: RHB J.T. Realmuto 0-0: Called Strike
0-1: Ball
1-1: Ball
2-1: Foul Ball, location: 2F
2-2: Ball
3-2: DOUBLE (Flyball, 78D, EV 108.8 MPH)
Batting: RHB J.D. Davis 0-0: Intentional Walk
Batting: LHB Kolten Wong 0-0: Called Strike
0-1: Ball
1-1: Swinging Strike
1-2: Foul Ball, location: 2F
1-2: Foul Ball, location: 2F
1-2: Foul Ball, location: 2F
1-2: Ball
2-2: Fielders Choice at 2nd, 4-6 (Groundball, 34, EV 76.3 MPH)
J.T. Realmuto to third
Batting: RHB Jean Segura 0-0: SINGLE (Flyball, 8RS, EV 88.1 MPH)
J.T. Realmuto scores
Kolten Wong to second
Batting: RHB Starling Marte 0-0: Ball
Kolten Wong steals 3rd base
1-0: Fly out, F4 (Flyball, 34D, EV 93.1 MPH)
Batting: LHB Corey Dickerson 0-0: Ball
1-0: 3-RUN HOME RUN (Flyball, 89XD, EV 103.8 MPH), Distance : 424 ft
Pitching: RHP Wade Davis
Batting: RHB George Springer 0-0: Ball
1-0: Foul Ball, location: 2F
1-1: Swinging Strike
1-2: SOLO HOME RUN (Flyball, 89XD, EV 93.8 MPH), Distance : 434 ft
Batting: RHB Jose Abreu 0-0: Called Strike
0-1: Fly out, F7 (Flyball, 7, EV 88.1 MPH)
Bottom of the 8th over - 5 runs, 4 hits, 0 errors, 0 left on base; New York 3 - Detroit 10
TOP OF THE 9TH
New York Yankees batting - Pitching for Detroit Tigers : RHP Pedro Baez
Batting: LHB Willie Calhoun 0-0: Ball
1-0: Ball
2-0: Fly out, F7 (Flyball, 7LD, EV 88.1 MPH)
Batting: RHB Eloy Jimenez 0-0: Ball
1-0: Called Strike
1-1: Foul Ball, location: 2F
1-2: Foul Ball, location: 2F
1-2: Strikes out swinging
Batting: RHB DJ LeMahieu 0-0: Ball
1-0: Called Strike
1-1: Ball
2-1: Ball
3-1: Swinging Strike
3-2: Foul Ball, location: 2F
3-2: DOUBLE (Line Drive, 7LM, EV 105.0 MPH)
Batting: RHB Garrett Hampson 0-0: Called Strike
0-1: Swinging Strike
0-2: Foul Ball, location: 2F
0-2: SINGLE (Line Drive, 78S, EV 112.5 MPH)
DJ LeMahieu to third
Batting: LHB Omar Narvaez 0-0: Ball
1-0: Swinging Strike
1-1: Fly out, F7 (Flyball, 7, EV 95.0 MPH)
Top of the 9th over - 0 runs, 2 hits, 0 errors, 2 left on base; New York 3 - Detroit 10
Wednesday, June 10th, 2020 - OOTP Baseball 21.3 Build 54